Map: Dusk Towers

Players

TomikuS - Winner!

  • Race: Zerg Zerg
  • League: Grandmaster

llllllllllll

  • Race: Terran Terran
  • League: Grandmaster

Event: Gauntlet LotV Series 1 Qualifier 2

VOD

Have the link to the VOD?

Description

Time

  • Played on: Dec. 5, 2015, 2:13 p.m.
  • Length: 13:23

All games in this series

Show
View Real Time Build Order
Export as new Build Order

TomikuS Zerg - Winner!

Build Orders: Hatch First, Muta Ling Bane 

Get SALT Encoding   

  12  0:01  Drone  
  13  0:13  Overlord  
  13  0:21  Drone  
  14  0:32  Drone x2  
  16  0:36  Drone  
  17  0:54  Hatchery  
  17  0:57  Drone  
  17  0:59  Drone  
  18  1:07  Drone  
  19  1:11  Extractor  
  18  1:19  Spawning Pool  
  18  1:22  Drone  
  18  1:28  Drone  
  19  1:39  Overlord  
  19  2:06  Queen, Zergling x6  
  19  2:07  Queen  
  26  2:12  Metabolic Boost  
  26  2:19  Drone x2  
  28  2:29  Overlord  
  28  2:30  Drone  
  29  2:44  Overlord, Queen  
  29  2:49  Drone x3  
  34  3:03  Hatchery  
  34  3:05  Drone  
  34  3:06  Drone  
  34  3:10  Drone  
  34  3:11  Drone  
  37  3:17  Drone x2  
  37  3:18  Drone  
  40  3:25  Queen  
  41  3:31  Drone x3  
  44  3:41  Overlord  
  44  3:42  Drone x2  
  46  3:52  Drone x6  
  52  4:04  Queen  
  52  4:06  Extractor  
  52  4:08  Evolution Chamber  
  52  4:11  Evolution Chamber  
  52  4:12  Spore Crawler x2  
  49  4:24  Spore Crawler, Drone x3  
  48  4:25  Drone x2  
  48  4:26  Zergling x6  
  48  4:28  Spine Crawler  
  55  4:37  Zerg Melee Weapons Level 1  
  55  4:41  Zergling x2  
  55  4:42  Zergling x14  
  62  4:54  Zerg Ground Armor Level 1  
  62  4:57  Zergling x10  
  62  4:59  Overlord  
  54  5:23  Queen  
  54  5:27  Zergling x2  
  54  5:28  Zergling x16  
  60  5:30  Lair  
  60  5:34  Baneling Nest  
  60  5:41  Zergling x4  
  60  5:42  Zergling x4  
  64  5:45  Spine Crawler  
  63  5:50  Extractor  
  63  5:52  Extractor  
  61  6:00  Overlord  
  61  6:01  Drone x6  
  67  6:16  Zergling x2  
  64  6:19  Roach Warren  
  64  6:21  Zergling x2  
  64  6:22  Zergling x10  
  69  6:33  Spire  
  69  6:36  Drone x8  
  76  6:41  Baneling x5  
  76  6:43  Overseer  
  76  6:47  Drone x2  
  71  7:07  Drone x8  
  71  7:08  Drone x2  
  81  7:10  Zerg Ground Armor Level 2, Zerg Melee Weapons Level 2  
  81  7:13  Overseer  
  81  7:15  Drone  
  82  7:20  Overlord  
  82  7:23  Extractor  
  82  7:26  Extractor  
  77  7:36  Drone x7  
  78  7:42  Drone x2  
  80  7:45  Mutalisk x3  
  80  7:48  Mutalisk  
  88  7:55  Zergling x2  
  88  7:56  Zergling x2  
  88  7:57  Overlord  
  88  7:58  Overlord, Centrifical Hooks  
  90  8:02  Hatchery, Overlord  
  89  8:21  Drone  
  89  8:22  Drone x13  
  89  8:25  Zerg Flyer Weapons Level 1  
  103  8:41  Mutalisk x5  
  103  8:47  Overlord x4  
  113  8:55  Overlord x3  
  113  8:59  Zergling x2  
  114  9:08  Zergling x2  
  106  9:13  Mutalisk x2  
  106  9:14  Mutalisk x4  
  118  9:23  Extractor x2  
  116  9:26  Overlord  
  116  9:30  Zergling x2  
  116  9:31  Infestation Pit, Zergling x18  
  125  9:40  Baneling  
  125  9:41  Baneling x3  
  125  9:42  Zergling x8  
  129  9:49  Hatchery  
  128  9:53  Baneling x4  
  128  9:54  Baneling x3  
  128  9:57  Zergling x2  
  128  9:58  Zergling x26  
  140  10:09  Hive  
  140  10:11  Mutalisk x5  
  149  10:41  Overlord x4  
  149  10:42  Baneling  
  149  10:43  Baneling x4  
  149  10:47  Zergling x2  
  149  10:48  Zergling x24  
  149  10:49  Baneling x2, Zergling x4  
  164  10:50  Baneling x2  
  164  10:51  Extractor  
  164  10:55  Extractor  
  162  10:57  Zerg Flyer Weapons Level 2  
  162  10:59  Zergling x2  
  163  11:16  Zergling x2  
  163  11:17  Zergling x30  
  163  11:18  Zergling x6  
  180  11:27  Ultralisk Cavern  
  180  11:32  Adrenal Glands  
  177  11:48  Zergling x2  
  164  12:18  Ultralisk x4  
  188  12:24  Mutalisk x4  
  188  12:25  Mutalisk  
  198  12:33  Baneling x8  
  198  12:34  Overseer x2  
  198  12:51  Baneling x7  
Show
View Real Time Build Order
Export as new Build Order

llllllllllll Terran 

Build Orders: Hellion Banshee, MMM Bio 

Get SALT Encoding   

  12  0:01  SCV  
  13  0:13  SCV  
  14  0:17  Supply Depot  
  14  0:25  SCV  
  15  0:39  SCV, Barracks  
  16  0:51  SCV  
  17  1:03  SCV  
  18  1:15  SCV  
  19  1:19  Command Center  
  19  1:26  Marine  
  19  1:30  Orbital Command  
  20  1:35  Refinery  
  20  1:40  Refinery  
  20  1:50  Supply Depot  
  20  1:52  Marine  
  21  1:57  SCV  
  22  2:09  SCV  
  22  2:13  Marine  
  24  2:21  SCV  
  25  2:22  Factory  
  25  2:32  Barracks Reactor  
  25  2:33  SCV  
  25  2:34  Orbital Command  
  25  2:45  SCV  
  26  2:57  SCV  
  27  3:00  SCV  
  28  3:09  Starport  
  28  3:10  SCV  
  28  3:12  SCV  
  30  3:15  Armory, Barracks Tech Lab  
  30  3:16  Hellion  
  30  3:17  Hellion  
  34  3:22  SCV  
  34  3:24  Supply Depot  
  34  3:25  SCV  
  36  3:35  SCV  
  36  3:38  SCV  
  36  3:40  Hellion x2  
  42  3:42  Barracks Tech Lab  
  42  3:50  Supply Depot  
  42  3:51  Banshee  
  42  3:53  SCV  
  42  3:55  SCV, Cloaking Field  
  47  4:02  Hellion  
  49  4:04  Hellion  
  53  4:10  SCV, Marauder  
  53  4:14  Supply Depot  
  54  4:18  SCV  
  55  4:27  Hellion  
  55  4:28  Supply Depot, Hellion  
  55  4:29  SCV  
  55  4:31  SCV  
  61  4:41  SCV  
  61  4:43  SCV  
  62  4:47  Banshee  
  62  4:49  Hellion  
  62  4:50  Hellion  
  68  5:01  Stimpack, Marine  
  65  5:19  Command Center, Hellion x2  
  65  5:20  Barracks  
  61  5:23  SCV  
  56  5:28  SCV  
  56  5:33  Refinery, Barracks  
  57  5:36  SCV, Banshee  
  57  5:41  SCV  
  62  5:45  Hellion x2  
  62  5:46  Hellion  
  62  5:48  SCV  
  67  5:50  Refinery  
  67  5:54  Engineering Bay  
  67  5:56  Engineering Bay  
  67  5:57  SCV  
  67  6:02  SCV  
  67  6:04  Marine  
  69  6:09  Barracks Reactor  
  69  6:10  SCV  
  71  6:15  Factory Reactor  
  71  6:17  SCV  
  72  6:22  Barracks Reactor  
  72  6:27  SCV  
  72  6:31  SCV  
  72  6:32  Command Center, Starport Reactor  
  74  6:39  SCV  
  75  6:43  SCV, Marauder  
  75  6:45  Terran Infantry Weapons Level 1, Terran Infantry Armor Level 1  
  78  6:48  Barracks  
  78  6:50  Barracks  
  78  6:51  SCV  
  63  7:01  SCV  
  63  7:04  Marine x4  
  63  7:08  Combat Shields, Marauder  
  68  7:10  Orbital Command  
  68  7:13  Medivac x2  
  72  7:16  SCV  
  72  7:19  SCV  
  74  7:25  Marine x4  
  74  7:28  SCV  
  76  7:30  Marine  
  76  7:36  SCV x2  
  75  7:40  Barracks Reactor  
  75  7:41  Barracks Reactor  
  75  7:42  Marine  
  75  7:43  Siege Tank, Marine x2  
  81  7:45  SCV  
  81  7:49  SCV  
  81  7:50  Marine x2  
  85  7:53  SCV  
  86  8:00  Marine x2  
  86  8:01  Barracks, Marine  
  86  8:02  SCV  
  86  8:03  Missile Turret  
  86  8:04  Barracks  
  90  8:05  Missile Turret, Terran Vehicle Weapons Level 1  
  90  8:08  Missile Turret  
  90  8:10  Missile Turret  
  90  8:15  SCV, Orbital Command  
  91  8:21  Sensor Tower  
  91  8:25  Siege Tank  
  91  8:26  Medivac x2  
  98  8:29  Concussive Shells, Marine  
  98  8:30  Marauder, Marine x4  
  105  8:34  Refinery, Marine  
  105  8:35  Refinery  
  105  8:39  Missile Turret  
  100  8:41  Missile Turret  
  100  8:43  Missile Turret  
  100  8:47  Marine  
  101  8:49  Terran Infantry Weapons Level 2  
  101  8:51  Terran Infantry Armor Level 2  
  101  8:53  Missile Turret  
  101  8:54  Marine  
  102  9:04  Marine  
  102  9:05  Marauder  
  102  9:08  Marine  
  106  9:12  Medivac  
  108  9:17  Marine x4  
  108  9:18  Missile Turret, Medivac  
  108  9:19  SCV x3  
  117  9:24  SCV, Missile Turret  
  117  9:26  Marauder  
  117  9:28  Marine  
  121  9:31  Supply Depot  
  121  9:32  Supply Depot  
  121  9:33  SCV  
  121  9:35  Marine  
  121  9:37  SCV  
  124  9:53  Siege Tank, Marine x6  
  124  9:54  Marauder  
  124  9:58  Supply Depot x2  
  135  10:00  Marine  
  135  10:01  Missile Turret, Marine  
  135  10:02  Missile Turret, Liberator x2  
  135  10:03  SCV  
  138  10:09  Missile Turret  
  138  10:12  Missile Turret  
  138  10:17  Marine  
  138  10:18  Terran Vehicle Weapons Level 2  
  138  10:20  Marauder  
  147  10:24  Supply Depot  
  142  10:29  Thor  
  142  10:30  Marine x4  
  141  10:37  Marine x2  
  141  10:40  Marine  
  144  10:45  Liberator x2  
  144  10:51  Supply Depot, Marauder, Marine x2  
  144  10:52  Marine  
  144  10:53  Supply Depot  
  144  10:55  Supply Depot  
  147  10:58  Marine x2  
  147  10:59  Starport  
  155  11:08  Missile Turret  
  155  11:09  Missile Turret x2  
  155  11:11  Missile Turret  
  155  11:14  Marine  
  155  11:15  Marine x4  
  160  11:19  Supply Depot  
  159  11:27  Thor  
  159  11:28  Liberator  
  159  11:29  Liberator  
  159  11:31  Missile Turret x2  
  159  11:32  Missile Turret  
  165  11:33  Missile Turret  
  165  11:35  Marauder, Marine x3  
  169  11:40  Marine x2  
  169  11:42  Marine  
  175  11:51  Marine x2  
  171  11:56  Marauder  
  173  12:04  Marine x2  
  173  12:05  Marine x2  
  177  12:09  Marine  
  177  12:10  Marine x3  
  177  12:13  Starport Reactor  
  177  12:15  Command Center  
  181  12:18  Marauder  
  181  12:19  Missile Turret  
  181  12:22  Missile Turret  
  183  12:23  Missile Turret  
  183  12:29  Siege Tank  
  189  12:58  Marine x2  
  140  12:59  Marauder  
  140  13:01  Marine x2  
  140  13:02  Marine  
Tags
 
Add a new tag
Caveats
  • Supply blocks, unpowered buildings, or Contaminate may cause inaccurate times.
  • Supply counts are checked every 10 seconds.